 Dungeon Crawl Stone Soup version 0.21-a0-314-gb3271ec (webtiles) character file.

4048 tidbits the Martial Artist (level 9, -10/74 HPs)
             Began as a Demigod Transmuter on Sept 29, 2017.
             Mangled by a two-headed ogre
             ... wielding a +0 giant club
              (35 damage)
             ... on level 9 of the Dungeon.
             The game lasted 00:40:09 (4858 turns).

tidbits the Martial Artist (Demigod Transmuter)     Turns: 4858, Time: 00:40:10

Health: -10/74     AC:  3    Str: 13    XL:     9   Next: 75%
Magic:  15/16      EV: 15    Int: 23    God:
Gold:   482        SH:  7    Dex: 16    Spells: 2/13 levels left

rFire    . . .     SeeInvis .     - Unarmed
rCold    . . .     Gourm    .   I - +2 buckler
rNeg     . . .     Faith    .   B - +0 robe
rPois    .         Spirit   .   (no helmet)
rElec    .         Reflect  .   (no cloak)
rCorr    +         Harm     .   G - +0 pair of gloves
MR       .....                  (no boots)
Stlth    +.........             (no amulet)
HPRegen  0.22/turn              M - ring of resist corrosion
MPRegen  0.15/turn              (no ring)

@: no status effects
A: high mp 1
a: no special abilities


You were on level 9 of the Dungeon.
You were hungry.

You visited 1 branch of the dungeon, and saw 9 of its levels.
You also visited: Bailey.

You collected 482 gold pieces.

Inventory:

Hand Weapons
 q - a cursed +0 short sword
 D - a +0 lajatang
 P - a +0 whip of venom
   (You took it off an orc on level 8 of the Dungeon)
Missiles
 a - 79 arrows
 e - 42 stones
 n - 4 throwing nets {!f}
 Q - 71 tomahawks of returning (quivered)
Armour
 b - a +0 robe
 f - +0 storm dragon scales
 B - a +0 robe (worn)
 G - a +0 pair of gloves (worn)
 I - a +2 buckler (worn)
Jewellery
 M - a ring of resist corrosion (left hand)
   (You found it on level 5 of the Dungeon)
Wands
 k - a wand of lightning (0/15)
 w - a wand of iceblast (6/15)
 J - a wand of iceblast (0/15)
 N - a wand of random effects (28/48)
 T - a wand of disintegration (17/24)
Scrolls
 g - a scroll of teleportation
 h - 5 scrolls of enchant armour
 j - 2 scrolls of noise
 r - 5 scrolls of remove curse
 s - 2 scrolls of enchant weapon {unknown}
 u - 2 scrolls of magic mapping
 x - a scroll of fog {unknown}
 y - 3 scrolls of amnesia
 z - a scroll of immolation {unknown}
 H - 2 scrolls of recharging {unknown}
 L - a scroll of acquirement {unknown}
Potions
 i - 12 potions of curing
 l - a potion of invisibility
 m - a potion of agility
 p - 4 potions of heal wounds
 v - a potion of ambrosia
 A - a potion of berserk rage
 C - 3 potions of haste {unknown}
 E - a potion of brilliance {unknown}
 K - a potion of lignification {unknown}
 O - a potion of resistance {unknown}
 S - 2 potions of mutation {unknown}
Books
 c - a book of Changes

   Spells                             Type                      Level
   a - Beastly Appendage              Transmutation                1
   b - Sticks to Snakes               Transmutation                2
   c - Spider Form                    Transmutation/Poison         3
   d - Ice Form                       Ice/Transmutation            4
   e - Blade Hands                    Transmutation                5
Comestibles
 d - 7 bread rations
 o - 4 royal jellies
 t - 6 meat rations
 F - 8 fruits
 R - 4 chunks of flesh


   Skills:
 - Level 5.5 Fighting
 - Level 5.2 Dodging
 - Level 4.0 Shields
 - Level 8.5 Unarmed Combat
 - Level 2.5 Spellcasting
 + Level 6.0 Transmutations


You had 2 spell levels left.
You knew the following spells:

 Your Spells              Type           Power        Failure   Level  Hunger
e - Beastly Appendage     Tmut           ####..       1%          1    None
h - Blade Hands           Tmut           ####......   28%         5    ######.
k - Sticks to Snakes      Tmut           ####....     1%          2    ##.....
p - Spider Form           Tmut/Pois      ###.......   11%         3    ###....


Dungeon Overview and Level Annotations

Branches:
Dungeon (9/15)             Temple (0/1) D:7
   Lair: D:8-11         Orc: D:9-12

Shops:
D:4 [}[


Innate Abilities, Weirdness & Mutations

You have an increased reservoir of magic. (+10% MP)


Message History

The orc barely misses you.
You hear a shout! x6
A warg and an orc come into view.
You hit the howler monkey.
You kill the howler monkey!
Your Transmutations skill increases to level 6!
The warg moves out of view.
The orc hits you but does no damage.
You bite the orc!
You kill the orc!
Your transformation is almost over.
An orc priest comes into view. It is wielding a dagger.
You see here 21 gold pieces.
You see here a hound skeleton.
The orc wizard casts a spell at you. The magic dart hits your ball python.
Your ball python dies!
Your transformation has ended.
Your +0 pair of gloves unmelds from your body.
Your +2 buckler unmelds from your body.
Your +0 robe unmelds from your body.
Casting: Spider Form
Confirm with . or Enter, or press ? or * to list all spells.
You create 2 snakes!
You now have 79 arrows.
The orc wizard hits your adder with a dagger.
Your adder bites the orc wizard.
The orc wizard hits your adder with a dagger.
Your adder completely misses the orc wizard.
Your adder barely misses the orc wizard.
The orc wizard hits your adder with a dagger.
Your adder barely misses the orc wizard.
The orc wizard mumbles some strange words.
The orc wizard flickers and vanishes!
Deactivating autopickup; reactivate with Ctrl-A.
Found 17 gold pieces.
You see here 17 gold pieces.
You now have 482 gold pieces (gained 17).
Your ball python withers and dies!
You swap places.
Your adder withers and dies!
Casting: Sticks to Snakes
Confirm with . or Enter, or press ? or * to list all spells.
You turn into a venomous arachnid creature.
Your +0 pair of gloves melds into your body.
Your +2 buckler melds into your body.
Your +0 robe melds into your body.
You hear some strange, mumbled words.
Something tries to affect you, but you resist.
You barely miss something. Something completely misses you.
You barely miss something.
An orc wizard appears from thin air!
Reactivating autopickup.
You barely miss the orc wizard.
The orc wizard gestures wildly while chanting.
The orc wizard flickers and vanishes!
Deactivating autopickup; reactivate with Ctrl-A.
You closely miss something. Something barely misses you.
You bite something! Something hits you.
You bite something!
Reactivating autopickup.
You feel a bit more experienced.
You hit the warg.
The warg is lightly wounded.
The warg completely misses you.
You completely miss the warg.
The warg is lightly wounded.
The warg bites you!
Okay, then.
Unknown command.
Okay, then.
Your transformation has ended.
Your +0 pair of gloves unmelds from your body.
Your +2 buckler unmelds from your body.
Your +0 robe unmelds from your body.
The warg misses you. The warg bites you!
* * * LOW HITPOINT WARNING * * *
The orc priest looks satisfied for a moment.
You hear a shout!
Evoke which item? (* to show all) (? for menu, Esc to quit)
Aiming: Iceblast
Press: ? - help, Shift-Dir - straight line, f - warg
Aim: a warg (lightly wounded)
Okay, then.
Unknown command.
Evoke which item? (* to show all) (? for menu, Esc to quit)
Aiming: Lightning Bolt
Press: ? - help, Shift-Dir - straight line You hear a mighty clap of thunder!
The bolt of lightning hits the warg.
The warg is severely wounded.
The bolt of lightning hits the orc priest.
You kill the orc priest!
This wand has 0 charges left.
You hear a croak.
The warg misses you.
An orc priest comes into view.
Unknown command.
As you read the scroll of teleportation, it crumbles to dust.
You feel strangely unstable. The warg closely misses you.
The orc priest begins to cast a cantrip, but forgets the words!
The warg bites you!
* * * LOW HITPOINT WARNING * * *
Your surroundings suddenly seem different.
The two-headed ogre hits you with a giant club!!
You die...

#.. .... #..
.... ##..
..... !..
..... #..
......
#..##.$....
#..........
#..@.......
#...O.##....
.........# .
.####.....
.......
.#.......
#.#........
. ##......##


You could see a two-headed ogre.

Vanquished Creatures
  A two-headed ogre (D:6)
  Prince Ribbit (D:7)
  A hippogriff (D:7)
  A spriggan (D:7)
  Duvessa (D:7)
  An orc warrior (Bailey)
  A phantom (D:8)
  2 sky beasts
  5 ogres
  A centaur (D:6)
  A big kobold (D:8)
  3 bullfrogs
  Dowan (D:7)
  A water moccasin zombie (D:7)
  5 killer bees (D:8)
  6 howler monkeys
  5 crimson imps
  3 hounds
  3 orc wizards
  An orc priest (D:9)
  A jelly (D:7)
  A centaur skeleton (D:8)
  5 worker ants
  A killer bee zombie (D:6)
  A hound zombie (D:5)
  A howler monkey skeleton (D:7)
  11 adders
  15 gnolls
  A shadow imp (D:6)
  5 oozes
  A worm (D:3)
  2 dart slugs
  7 leopard geckos
  15 orcs
  4 giant cockroaches
  6 goblins
  12 hobgoblins
  2 jackals (D:1)
  4 quokkas
  8 bats
  7 frilled lizards
  23 kobolds
  A leopard gecko zombie (D:5)
  8 rats
186 creatures vanquished.

Vanquished Creatures (collateral kills)
  A hippogriff (D:7)
  A wight (D:7)
  A killer bee (D:8)
  A crimson imp (D:5)
  An orc wizard (D:7)
  A gnoll (Bailey)
  An adder (D:6)
  An ooze (D:1)
  An adder zombie (D:5)
  A worm (D:1)
  3 orcs (D:8)
  3 giant cockroaches (D:1)
  A hobgoblin (D:1)
17 creatures vanquished.

Grand Total: 203 creatures vanquished

Notes
Turn   | Place    | Note
-------+----------+-------------------------------------------
     0 | D:1      | tidbits the Demigod Transmuter began the quest for the Orb.
     0 | D:1      | Reached XP level 1. HP: 15/15 MP: 5/5
     1 | D:1      | Found a runed door.
   114 | D:1      | Reached skill level 2 in Spellcasting
   151 | D:1      | Reached skill level 2 in Transmutations
   213 | D:1      | Reached XP level 2. HP: 12/22 MP: 5/7
   217 | D:1      | Learned a level 2 spell: Sticks to Snakes
   358 | D:1      | Reached skill level 3 in Unarmed Combat
   467 | D:1      | Reached XP level 3. HP: 20/27 MP: 0/9
   490 | D:1      | Learned a level 3 spell: Spider Form
   639 | D:2      | Noticed a dagger
   641 | D:2      | Noticed a dagger
   644 | D:2      | Found a hide-covered altar of Uskayaw.
   723 | D:2      | Reached XP level 4. HP: 29/34 MP: 2/10
  1076 | D:3      | Reached skill level 3 in Transmutations
  1451 | D:4      | Found Bacaes's Antique Armour Shop.
  1465 | D:4      | Found Sung's Gadget Emporium.
  1487 | D:4      | Reached skill level 4 in Unarmed Combat
  1487 | D:4      | Reached XP level 5. HP: 39/39 MP: 6/11
  1547 | D:4      | Found Meushroh's Armour Boutique.
  1675 | D:5      | Entered Level 5 of the Dungeon
  1706 | D:5      | Found a shadowy altar of Dithmenos.
  1911 | D:6      | Reached skill level 1 in Shields
  1928 | D:6      | Reached skill level 2 in Shields
  1975 | D:6      | Noticed a centaur
  2002 | D:6      | Noticed an ogre
  2055 | D:6      | Noticed an ogre
  2083 | D:6      | Killed an ogre
  2083 | D:6      | Reached skill level 3 in Shields
  2083 | D:6      | Reached XP level 6. HP: 38/46 MP: 12/12
  2257 | D:6      | Reached skill level 4 in Shields
  2261 | D:6      | Reached skill level 1 in Fighting
  2277 | D:6      | Reached skill level 2 in Dodging
  2284 | D:6      | Reached XP level 7. HP: 50/52 MP: 1/13
  2317 | D:6      | Noticed a two-headed ogre
  2342 | D:6      | Killed a two-headed ogre
  2342 | D:6      | Reached skill level 3 in Fighting
  2342 | D:6      | Reached skill level 3 in Dodging
  2342 | D:6      | Reached skill level 6 in Unarmed Combat
  2342 | D:6      | Reached XP level 8. HP: 63/63 MP: 1/15
  2528 | D:7      | Found a staircase to the Ecumenical Temple.
  2598 | D:7      | Noticed Duvessa
  2598 | D:7      | Noticed Dowan
  2612 | D:7      | Killed Duvessa
  2627 | D:7      | Killed Dowan
  2753 | D:5      | Found a stormy altar of Qazlal.
  2764 | D:5      | Reached skill level 4 in Transmutations
  2815 | D:5      | Found a deep blue altar of Sif Muna.
  2823 | D:5      | Found an iron altar of Okawaru.
  2823 | D:5      | Found a sacrificial altar of Ru.
  2823 | D:5      | Found a white marble altar of Elyvilon.
  2825 | D:5      | Found a snail-covered altar of Cheibriados.
  2826 | D:5      | Found a glowing silver altar of Zin.
  3100 | D:7      | Noticed Prince Ribbit
  3105 | D:7      | Killed Prince Ribbit
  3105 | D:7      | Reached skill level 4 in Fighting
  3105 | D:7      | Reached skill level 4 in Dodging
  3105 | D:7      | Reached skill level 7 in Unarmed Combat
  3115 | D:7      | Noticed a hippogriff
  3622 | D:7      | Killed a hippogriff
  3622 | D:7      | Reached XP level 9. HP: 36/72 MP: 7/16
  3777 | D:8      | Reached skill level 5 in Transmutations
  3816 | D:8      | Reached skill level 5 in Fighting
  3830 | D:8      | Reached skill level 8 in Unarmed Combat
  3980 | D:8      | Reached skill level 5 in Dodging
  4331 | D:9      | Found a flagged portal.
  4345 | Bailey   | Entered a bailey
  4454 | Bailey   | Learned a level 5 spell: Blade Hands
  4595 | Bailey   | HP: 4/74 [gnoll/halberd (19)]
  4795 | D:9      | Reached skill level 6 in Transmutations
  4858 | D:9      | Mangled by a two-headed ogre

Vault maps used:
D:1:      dpeg_arrival_caged_fury
D:2:      dancing_weapons_uskayaw
D:4:      kb_forest_paths, serial_shops,
          nicolae_shop_competitors_out_of_business, nicolae_shop_waterfront,
          shop_fountains, abandoned_shop
D:5:      minitemple, kennysheep_mini, first_bread, grunt_qazlal_clouds
D:6:      grunt_ministairs_4, minmay_small_thing
D:7:      cheibrodos_barr_body, temple_pool_b, the_bakery, uniq_duvessa,
          uniq_prince_ribbit1
D:8:      hangedman_decor_push, dk_vineyard_3, minmay_misc_feat_nine_boxes
D:9:      lemuel_doored_altar, erik_orc_4, enter_bailey_3, minmay_nine_imps
Bailey:   bailey_axe_2, bailey

Skill      XL: |  1  2  3  4  5  6  7  8  9 |
---------------+----------------------------+-----
Spellcasting   | 2 |  2.5
Transmutations | 2 3 4 6 |  6.0
Unarmed Combat | 3 4 6 7 8 |  8.5
Shields        | 3 4 |  4.0
Fighting       | 1 3 4 5 |  5.5
Dodging        | 2 3 4 5 |  5.2

Action                   |  1- 3 |  4- 6 |  7- 9 || total
-------------------------+-------+-------+-------++-------
Melee: Unarmed           |   104 |   166 |   293 ||   563
       Headbutt          |     8 |     7 |       ||    15
       Kick              |     6 |       |       ||     6
       Punch             |     1 |       |       ||     1
Throw: Stone             |     1 |       |       ||     1
 Cast: Beastly Appendage |    14 |     5 |       ||    19
       Sticks to Snakes  |     6 |    10 |    34 ||    50
       Spider Form       |     4 |    24 |    44 ||    72
 Abil: End Transformatio |       |       |     5 ||     5
Evoke: Wand              |       |     1 |    19 ||    20
  Use: Scroll            |     4 |     8 |     5 ||    17
       Potion            |       |       |     2 ||     2
 Stab: Sleeping          |     2 |     3 |     1 ||     6
       Distracted        |       |     2 |     1 ||     3
       Invisible         |       |       |     5 ||     5
  Eat: Chunk             |     1 |    10 |    14 ||    25
Armor: Robe              |    20 |     9 |     1 ||    30
       Skin              |     2 |     3 |     9 ||    14
Dodge: Dodged            |    62 |   110 |   274 ||   446
Block: Buckler           |       |     8 |    11 ||    19

Table legend:
 A = Spawn XP
 B = Non-spawn XP
 C = Spawn XP percentage of total XP
 D = Spawn monster count
 E = Non-spawn monster count
 F = Spawn count percentage of total count
 G = Total turns spent on level
                    A         B        C        D         E        F      G
               +---------+---------+-------+---------+---------+-------+---------
         Total |       0 |    5784 |   0.0 |       0 |     203 |   0.0 |  4858
               +---------+---------+-------+---------+---------+-------+---------
           D:1 |       0 |      60 |   0.0 |       0 |      29 |   0.0 |   512
           D:2 |       0 |      79 |   0.0 |       0 |      16 |   0.0 |   442
           D:3 |       0 |      77 |   0.0 |       0 |      22 |   0.0 |   448
           D:4 |       0 |     160 |   0.0 |       0 |       9 |   0.0 |   615
           D:5 |       0 |     413 |   0.0 |       0 |      12 |   0.0 |   517
           D:6 |       0 |    1418 |   0.0 |       0 |      19 |   0.0 |   729
           D:7 |       0 |    1721 |   0.0 |       0 |      20 |   0.0 |   510
           D:8 |       0 |    1254 |   0.0 |       0 |      32 |   0.0 |   554
           D:9 |       0 |     265 |   0.0 |       0 |      10 |   0.0 |   140
        Bailey |       0 |     337 |   0.0 |       0 |      34 |   0.0 |   391
               +---------+---------+-------+---------+---------+-------+---------

Table legend:
 A = Turns spent in this place as a percentage of turns spent in the entire game.
 B = Non-inter-level travel turns spent in this place as a percentage of non-inter-level travel turns spent in the entire game.
 C = Inter-level travel turns spent in this place as a percentage of turns spent in this place.
 D = Turns resting spent in this place as a percentage of non-inter-level travel turns spent in this place.
 E = Turns spent auto-exploring this place as a percentage of non-inter-level travel turns spent in this place.
 F = Non-inter-level travel turns spent in this place divided by the number of levels of this place that you've seen.
                   A       B       C       D       E      F
               +-------+-------+-------+-------+-------+----------------------
         Total | 100.0 | 100.0 |   7.1 |   1.3 |   0.0 | 451.3
       Dungeon |  92.0 |  91.3 |   7.7 |   0.5 |   0.0 | 458.0
        Bailey |   8.0 |   8.7 |   0.0 |  10.0 |   0.0 | 391.0
               +-------+-------+-------+-------+-------+----------------------

Table legend:
 A = Kills in this place as a percentage of kills in entire the game.
 B = Kills by you in this place as a percentage of kills by you in the entire game.
 C = Kills by friends in this place as a percentage of kills by friends in the entire game.
 D = Other kills in this place as a percentage of other kills in the entire game.
 E = Experience gained in this place as a percentage of experience gained in the entire game.
 F = Experience gained in this place divided by the number of levels of this place that you have seen.
                   A       B       C       D       E      F
               +-------+-------+-------+-------+-------+----------------------
         Total | 100.0 | 100.0 | 100.0 |   N/A | 100.0 | 578.4
       Dungeon |  83.3 |  82.3 |  94.1 |   N/A |  94.2 | 605.2
        Bailey |  16.7 |  17.7 |   5.9 |   N/A |   5.8 | 337.0
               +-------+-------+-------+-------+-------+----------------------

Vault maps used:
D:1:      dpeg_arrival_caged_fury
D:2:      dancing_weapons_uskayaw
D:4:      kb_forest_paths, serial_shops,
          nicolae_shop_competitors_out_of_business, nicolae_shop_waterfront,
          shop_fountains, abandoned_shop
D:5:      minitemple, kennysheep_mini, first_bread, grunt_qazlal_clouds
D:6:      grunt_ministairs_4, minmay_small_thing
D:7:      cheibrodos_barr_body, temple_pool_b, the_bakery, uniq_duvessa,
          uniq_prince_ribbit1
D:8:      hangedman_decor_push, dk_vineyard_3, minmay_misc_feat_nine_boxes
D:9:      lemuel_doored_altar, erik_orc_4, enter_bailey_3, minmay_nine_imps
Bailey:   bailey_axe_2, bailey
